 Dungeon Crawl Stone Soup version 0.26-a0-958-gf3041fb45f (webtiles) character file.

Game seed: 12697266408247874445

434 miscthings the Jinx (level 6, -4/41 HPs)
             Began as a Vampire Enchanter on Nov 30, 2020.
             Killed by divine providence
             ... invoked by an orc priest
              (9 damage)
             ... on level 3 of the Dungeon.
             The game lasted 00:06:46 (3233 turns).

miscthings the Jinx (Vampire Enchanter)             Turns: 3233, Time: 00:06:46

Health: -4/41      AC:  6    Str:  9    XL:     6   Next: 68%
Magic:  7/12       EV: 13    Int: 17    God:
Gold:   109        SH:  0    Dex: 15    Spells: 4/13 levels left

rFire    . . .     SeeInvis +   a - +1 dagger
rCold    . . .     Faith    .   (no shield)
rNeg     . . .     Spirit   .   b - +0 robe
rPois    .         Reflect  .   (no helmet)
rElec    .         Harm     .   m - +0 cloak
rCorr    .         Rampage  .   (no gloves)
MR       .....                  p - +2 pair of boots
Stlth    +++.......             (no amulet)
HPRegen  0.33/turn              (no ring)
MPRegen  0.13/turn              (no ring)

@: regenerating quickly
A: fangs 3, see invisible, unbreathing
a: Exsanguinate


You were on level 3 of the Dungeon.
You visited 1 branch of the dungeon, and saw 3 of its levels.

You collected 109 gold pieces.

Inventory:

Hand Weapons
 a - a +1 dagger (weapon)
Armour
 b - a +0 robe (worn)
 m - a +0 cloak (worn)
 p - a +2 pair of boots (worn)
Jewellery
 i - an uncursed ring of fire
Wands
 n - a wand of flame (5)
Scrolls
 c - 3 scrolls of identify {@r1}
 e - a scroll of remove curse {unknown}
 f - a scroll of amnesia {unknown}
 k - a scroll of magic mapping {unknown}
 o - a scroll of enchant armour {unknown}
Potions
 d - a potion of curing {unknown}
 g - a potion of berserk rage {unknown}
 h - a potion of ambrosia {unknown}
 j - 3 potions of attraction {unknown}
 l - a potion of mutation {unknown}


   Skills:
 - Level 1.1 Short Blades
 - Level 2.1 Dodging
 - Level 4.4 Stealth
 - Level 4.0 Spellcasting
 - Level 8.0 Hexes
 + Level 3.2 Ice Magic


You had 4 spell levels left.
You knew the following spells:

 Your Spells              Type           Power        Failure   Level
a - Ensorcelled Hibernat  Hex/Ice        ###...       2%          2
b - Corona                Hex            ####...      1%          1
c - Tukima's Dance        Hex            ####....     1%          3
d - Confusing Touch       Hex            ####....     1%          3

Your spell library contained the following spells:

 Spells                   Type           Power        Failure   Level
 Dazzling Flash           Conj/Hex       ###...       9%          3
 Animate Skeleton         Necr           #.....       16%         1
 Pain                     Necr           #...         16%         1
 Vampiric Draining        Necr           #.........   43%         3
 Animate Dead             Necr           #.........   83%         4
 Agony                    Necr           #.......     99%         5


Dungeon Overview and Level Annotations

Branches:
Dungeon (3/15)

Altars:


Innate Abilities, Weirdness & Mutations

Your natural rate of healing is unusually fast.
You have razor-sharp teeth.
You have supernaturally acute eyesight. (SInv)
You can survive without breathing.


Message History

Casting: Ensorcelled Hibernation (safe; 2% risk of failure)
Confirm with . or Enter, or press ? or * to list all spells.
Aiming: Ensorcelled Hibernation (safe; 2% risk of failure)
Press: ? - help, Shift-Dir - straight line, f - orc priest
Aim: an orc priest, wielding a +0 club and wearing a +0 scale mail (chance to defeat MR: 51%)
The orc is unaffected.
The orc barely misses you.
The orc priest calls down the wrath of Beogh upon you.
Beogh smites you!
* * * LOW HITPOINT WARNING * * *
Evoke which item? (* to show all) (? for menu, Esc to quit)
Aiming: Throw Flame
Press: ? - help, Shift-Dir - straight line, f/p - orc priest
Aim: an orc priest, wielding a +0 club and wearing a +0 scale mail (28% to evade)
The puff of flame misses the orc.
The puff of flame hits the orc priest.
The orc priest is moderately wounded.
The orc hits you with a +0 club.
* * * LOW HITPOINT WARNING * * *
The orc priest mumbles some strange prayers to Beogh against you.
Beogh smites you!
You die...

. ../...###o####.#.......#...# .
..... #.# #.#.......#...# # ####
#o# #.#.......#...# # ###### #.#
#.##......#...#
###....####o####.##......#...####
............†o..o.......)'..('...
.............o.#o##......#.(.####
###....#####...#.###..#####.##
#....# #...#@# ##.## #.# ######
##)..#.# #..# #.# #.[..+.# ##.#
#.# #.)..### #.####.### #.####
#.#......# #.# #.#)##.#.# #.#
#.#.#..#.# #.# #.#.#..#.#
#)######## #.#.#..#.#


You could see an orc priest and an orc.

Vanquished Creatures
  3 jellies (D:2)
  2 orc priests (D:3)
  An orc wizard (D:3)
  Jessica (D:2)
  Natasha (thrice) (D:2)
  4 adders
  9 oozes (D:2)
  A worm (D:2)
  2 leopard geckos (D:1)
  10 orcs (D:3)
  A giant cockroach (D:2)
  7 goblins
  5 hobgoblins
  6 jackals
  3 quokkas
  A ball python (D:3)
  A bat (D:2)
  4 frilled lizards
  14 kobolds
  3 rats
81 creatures vanquished.

Vanquished Creatures (others)
  3 fungi (D:2)
  8 toadstools (D:2)
11 creatures vanquished.

Grand Total: 92 creatures vanquished

Notes
Turn   | Place    | Note
-------+----------+-------------------------------------------
     0 | D:1      | miscthings the Vampire Enchanter began the quest for the
                  | Orb.
     0 | D:1      | Reached XP level 1. HP: 13/13 MP: 3/3
   212 | D:1      | Reached skill level 5 in Hexes
   264 | D:1      | Reached XP level 2. HP: 17/19 MP: 5/5
   300 | D:1      | Learned a level 2 spell: Ensorcelled Hibernation
   909 | D:2      | Reached XP level 3. HP: 24/24 MP: 6/6
  1015 | D:2      | Reached skill level 6 in Hexes
  1217 | D:2      | Reached XP level 4. HP: 30/30 MP: 6/8
  1253 | D:2      | Reached skill level 7 in Hexes
  1289 | D:2      | Reached XP level 5. HP: 22/35 MP: 6/9
  1363 | D:2      | Reached skill level 1 in Ice Magic
  1423 | D:2      | Noticed Jessica
  1425 | D:2      | Killed Jessica
  1441 | D:2      | Noticed Natasha
  1447 | D:2      | Killed Natasha
  1456 | D:2      | Noticed Natasha
  2222 | D:2      | Killed Natasha
  2223 | D:2      | Reached XP level 6. HP: 20/41 MP: 0/11
  2389 | D:2      | Noticed Natasha
  2397 | D:2      | Killed Natasha
  2398 | D:2      | Reached skill level 8 in Hexes
  2641 | D:3      | Learned a level 3 spell: Confusing Touch
  2645 | D:3      | Learned a level 3 spell: Tukima's Dance
  3233 | D:3      | Killed from afar by an orc priest

Illustrated notes

Levels and vault maps discovered:
D:1:      nagdon_arrival_double_spiral, layout_basic
D:2:      cheibrodos_fertilizer, layout_loops_ring, nicolae_underground_beach,
          uniq_natasha, uniq_jessica
D:3:      layout_basic

Skill      XL: |  1  2  3  4  5  6 |
---------------+-------------------+-----
Hexes          | 5 6 7 8 |  8.0
Spellcasting   | 3 4 |  4.0
Ice Magic      | 1 3 |  3.2
Short Blades   | |  1.1
Dodging        | |  2.1
Stealth        | |  4.4

Action                   |  1- 3 |  4- 6 || total
-------------------------+-------+-------++-------
Melee: Dagger            |   126 |   160 ||   286
       Bite              |    12 |    22 ||    34
 Cast: Ensorcelled Hiber |     6 |    38 ||    44
       Confusing Touch   |       |     1 ||     1
Evoke: Wand              |       |     3 ||     3
  Use: Scroll            |       |     2 ||     2
 Stab: Sleeping          |     8 |    19 ||    27
       Confused          |       |     1 ||     1
Armor: Robe              |    10 |    22 ||    32
Dodge: Dodged            |    79 |    84 ||   163

Table legend: (Time is in decaauts)
 A = Elapsed time spent in this place.
 B = Non-inter-level travel time spent in this place.
 C = Inter-level travel time spent in this place.
 D = Time resting spent in this place.
 E = Time spent auto-exploring this place.
 F = Levels seen in this place.
 G = Mean time per level.
                   A        B        C        D        E       F      G
               +--------+--------+--------+--------+--------+-----+--------+
         Total |   3305 |   3088 |    217 |    228 |   2093 |   3 | 1101.7 |
       Dungeon |   3305 |   3088 |    217 |    228 |   2093 |   3 | 1101.7 |
               +--------+--------+--------+--------+--------+-----+--------+

Top non-repeatable levels by time:
     D:2: 1521 daAuts
     D:1: 985 daAuts
     D:3: 798 daAuts
